 Dungeon Crawl Stone Soup version 0.30-a0-726-gd89dcf765f (webtiles) character file.

Game seed: 4205513538130887677

19479 themarg the Fighter (level 12, -4/97 HPs)
             Began as a Mummy Cinder Acolyte on Jan 29, 2023.
             Was a Believer of Ignis.
             Slain by a salamander
             ... wielding a +0 spear
              (19 damage)
             ... on level 3 of the Lair of Beasts on Jan 30, 2023.
             The game lasted 01:05:34 (15846 turns).

themarg the Fighter (Mummy Cinder Acolyte)         Turns: 15846, Time: 01:05:35

Health: -4/97      AC: 12    Str: 19    XL:     12   Next: 36%
Magic:  9/24       EV: 12    Int: 17    God:    Ignis [**....]
Gold:   1094       SH:  0    Dex:  7    Spells: 14/27 levels left

rFire   x . .      SeeInvis +    a - -1 short sword (flame)
rCold   + + .      Faith    +    (no shield)
rNeg    + + +      Spirit   .    M - +0 troll leather armour
rPois   ∞          Reflect  .    t - +2 helmet
rElec   .          Harm     .    B - +0 cloak
rCorr   .          Rampage  .    c - +0 pair of gloves
Will    +....                    o - +2 pair of boots
Stlth   +                        d - amulet of magic regeneration
HPRegen 1.16/turn                C - ring of see invisible
MPRegen 0.59/turn                m - ring of ice

@: very slightly contaminated
A: cold resistance 1, negative energy resistance 3, torment resistance 2, heat
vulnerability 1, in touch with death 1, no potions, faith
a: Renounce Religion, Fiery Armour, Foxfire Swarm, Rising Flame


You were on level 3 of the Lair of Beasts.
You worshipped Ignis.
Ignis was pleased with you.
You visited 3 branches of the dungeon, and saw 15 of its levels.

You collected 1094 gold pieces.

Inventory:

Hand Weapons
 a - a -1 short sword of flaming (weapon)
 I - a +5 short sword
Missiles
 e - 139 stones
 s - 4 atropa-tipped darts
 A - 13 poisoned darts
 D - 2 boomerangs
 L - a curare-tipped dart
 N - 3 datura-tipped darts
 S - 4 javelins
Armour
 c - a +0 pair of gloves (worn)
 o - a +2 pair of boots (worn)
 t - a +2 helmet (worn)
 B - a +0 cloak (worn)
 M - a +0 troll leather armour (worn)
Magical Staves
 l - a staff of poison
Jewellery
 d - an amulet of magic regeneration (around neck)
 m - a ring of ice (right hand)
 n - an amulet of the acrobat
 C - a ring of see invisible (left hand)
 R - a ring of fire
 T - an amulet of guardian spirit
Wands
 u - a wand of flame (19)
 x - a wand of paralysis (16)
 z - a wand of polymorph (9)
 G - a wand of iceblast (8)
 J - a wand of mindburst (10)
 Q - a wand of digging (2)
Scrolls
 f - 13 scrolls of teleportation
 g - 2 scrolls of silence
 h - 5 scrolls of blinking
 i - a scroll of torment
 k - a scroll of brand weapon
 p - a scroll of immolation
 q - 6 scrolls of noise
 v - 2 scrolls of fear
 w - 2 scrolls of enchant weapon
 y - a scroll of summoning
 E - a scroll of amnesia
 F - 5 scrolls of fog
 K - a scroll of vulnerability {unknown}
 P - a scroll of acquirement {unknown}


   Skills:
 - Level 10.0 Fighting
 - Level 2.4 Short Blades
 - Level 2.0 Throwing
 - Level 5.0 Dodging
 - Level 2.0 Stealth
 + Level 8.0 Spellcasting
 - Level 7.0 Conjurations
 + Level 3.0 Translocations
 - Level 7.9 Fire Magic
 - Level 4.0 Air Magic
 - Level 6.0 Poison Magic
 - Level 2.0 Evocations


You had 14 spell levels left.
You knew the following spells:

 Your Spells              Type           Power      Damage    Failure   Level
a - Scorch                Fire           66%        2d8       1%          2
b - Mephitic Cloud        Conj/Pois/Air  26%        N/A       3%          3
c - Olgreb's Toxic Radia  Pois           27%        N/A       11%         4
d - Iskenderun's Mystic   Conj/Tloc      23%        2d6       16%         4

Your spell library contained the following spells:

 Spells                   Type           Power      Damage    Failure   Level
 Magic Dart               Conj           100%       1d8       1%          1
 Cigotuvi's Dreadful Rot  Necr/Pois/Air  54%        N/A       4%          2
 Kindle Blastsparks       Fire/Tloc/Air  46%        2d13      4%          3
 Call Imp                 Summ           6%         N/A       19%         2
 Portal Projectile        Hex/Tloc       24%        N/A       21%         3
 Fulminant Prism          Conj/Hex       9%         3d7       28%         4
 Passage of Golubria      Tloc           17%        N/A       34%         4
 Tukima's Dance           Hex            6%         N/A       36%         3
 Dispel Undead            Necr           10%        3d9       77%         4
 Lee's Rapid Deconstruct  Erth           3%         3d5*      98%         5
 Yara's Violent Unravell  Hex/Tmut       3%         3d4       98%         5
 Death Channel            Necr           5%         N/A       100%        6
 Ozocubu's Refrigeration  Ice            5%         4d8       100%        7
 Ignition                 Fire           16%        3d7       100%        8
 Blade Hands              Tmut           Unusable   N/A       N/A         5

Dungeon Overview and Level Annotations

Branches:
Dungeon (11/15)            Temple (1/1) D:7            Lair (3/5) D:8
 Shoals (0/4) Lair:2          Orc (0/2) D:10
  Snake: Lair:2-3    Spider: Lair:2-3

Altars:
Ashenzari
Cheibriados
Dithmenos
Fedhas
Gozag
Hepliaklqana
Kikubaaqudgha
Makhleb
Nemelex Xobeh
Okawaru
Qazlal
Ru
Sif Muna
Trog
Uskayaw
Vehumet
Wu Jian
Xom
Yredelemnul

Shops:
D:6 !

Annotations:
D:9 1 runed translucent door, exclusion: door, OTABOTABOTAB's ghost, journeyman GnHu
D:11 1 exclusion
Lair:1 exclusion: oklob plant
Lair:2 1 runed translucent door, garrulousMonolith's ghost, journeyman MiBe
Lair:3 2 transporters, Pooter's ghost, journeyman MiFi


Innate Abilities, Weirdness & Mutations

You are immune to poison.
Your flesh is cold resistant. (rC+)
You are immune to negative energy. (rN+++)
You are immune to unholy pain and torment.
You are vulnerable to heat. (rF-)
You are in touch with the powers of death.
You do not drink.
You have a special connection with the divine. (Faith)


Message History

The salamander looks as sick as possible!
Your toxic aura wanes.
You erupt in a blast of force!
The mystic blast hits the salamander.
The salamander is moderately wounded.
The salamander is knocked back by the mystic blast.
The salamander slams into the rock wall!
The salamander is moderately wounded.
You miscast Iskenderun's Mystic Blast.
You are very lightly contaminated with residual magic.
Nothing appears to happen.
The salamander hits you from afar with a +0 spear.
You are engulfed in flames!!
The fire burns you terribly!
You erupt in a blast of force!
The mystic blast hits the salamander.
The salamander is moderately wounded.
The salamander is knocked back by the mystic blast.
Flames lash the salamander.
The salamander completely resists.
Flames lash the salamander.
The salamander completely resists.
The salamander hits you but does no damage.
Flames lash the salamander.
The salamander completely resists.
The salamander hits you from afar with a +0 spear.
You are engulfed in flames!!
The fire burns you terribly!
Okay, then.
Aiming: Mindburst
Press: ? - help, Shift-Dir - straight line, f - salamander
Aim: a salamander, wielding a +0 spear (heavily wounded, very poisoned, chance to affect: 57%)
The salamander resists with significant effort.
The salamander hits you from afar with a +0 spear!
You are engulfed in flames!!
The fire burns you terribly!
* * * LOW HITPOINT WARNING * * *
Aiming: Iceblast
Press: ? - help, Shift-Dir - straight line, f/p - salamander
Aim: a salamander, wielding a +0 spear (heavily wounded, very poisoned)
The mass of ice explodes!
The iceblast engulfs the salamander!
The salamander is frozen!
The salamander is severely wounded.
You hear an angry hiss. x2
The salamander hits you from afar with a +0 spear!
* * * LOW HITPOINT WARNING * * *
You are engulfed in flames!!
The fire burns you terribly!
You die...

.#.....#... .........~♣
....⌠.......#........~~~
.....................~~~.
.⌠..<..⌠..##.............
..........#.. ...........
#...⌠...##..###..P......#
.......##...............#
.###+###.........(.......
......##........@........
.#..........#............
.#⌠.>.⌠#.....#...N.....#.
.#......#...######.......
.##.⌠..##..## #......
#.#..####### #..#..
P.#..P#..## .....
..........# ....
..........# ....


You could see a salamander (very poisoned).

Vanquished Creatures
  2 two-headed ogres
  A boulder beetle (D:11)
  2 black mambas (Lair:1)
  Joseph (D:8)
  A rime drake (Lair:1)
  2 cane toads
  A kobold demonologist (D:11)
  Psyche (D:11)
  5 komodo dragons
  4 trolls
  A polar bear (Lair:3)
  3 hornets
  4 dream sheep (Lair:3)
  Sigmund (D:4)
  3 wyverns
  A vampire (D:10)
  2 shadows
  A wraith (D:11)
  A water elemental (D:11)
  26 yaks
  A basilisk (D:8)
  A fire elemental (Lair:3)
  The ghost of voltaire321 the Conjurer, an amateur DrCj (D:4)
  A steam dragon (D:8)
  A two-headed ogre zombie (D:10)
  7 water moccasins
  Duvessa (D:6)
  An orc warrior (D:9)
  An ice beast (D:6)
  2 sky beasts
  4 black bears
  7 wolves
  3 ogres
  8 centaurs
  2 phantoms
  2 kobold brigands
  5 bullfrogs
  A necrophage (D:6)
  3 scorpions
  13 wights
  Dowan (D:6)
  2 troll zombies (D:10)
  3 killer bees (D:5)
  4 electric eels (D:11)
  3 howler monkeys (D:9)
  3 hounds (D:5)
  5 orc priests
  2 jellies (D:6)
  Crazy Yiuf (D:6)
  11 orc wizards
  An iguana (D:4)
  5 ogre zombies (D:10)
  Robin (D:3)
  3 gnolls (D:3)
  9 adders
  3 white imps
  A dart slug (D:2)
  2 worms
  38 orcs
  7 endoplasms
  3 giant cockroaches
  12 goblins
  6 hobgoblins
  14 kobolds
  4 quokkas
  4 ball pythons
  3 bats (D:2)
  4 frilled lizards
  2 goblin skeletons (D:10)
  2 goblin zombies (D:10)
  A hobgoblin skeleton (D:10)
  3 hobgoblin zombies (D:10)
  4 orc skeletons (D:10)
  13 orc zombies (D:10)
  7 rats
315 creatures vanquished.

Vanquished Creatures (others)
  A kobold (D:11)
  A fire vortex (Lair:3)
  5 fungi
  8 plants
  2 withered plants (Lair:2)
17 creatures vanquished.

Grand Total: 332 creatures vanquished

Notes
Turn   | Place    | Note
-------+----------+-------------------------------------------
     0 | D:1      | themarg the Mummy Cinder Acolyte began the quest for the
                  | Orb.
     0 | D:1      | Reached XP level 1. HP: 18/18 MP: 2/2
   526 | D:1      | Reached XP level 2. HP: 24/24 MP: 4/4
   529 | D:1      | Learned a level 2 spell: Scorch
   926 | D:2      | Reached skill level 1 in Stealth
  1080 | D:2      | Gained mutation: You are in touch with the powers of death.
                  | [Mummy growth]
  1080 | D:2      | Reached XP level 3. HP: 29/29 MP: 3/6
  1411 | D:2      | Identified the ring "Loicycsu" {rPois rC+++ Will- Str+3
                  | Int+6}
  1512 | D:2      | You fall into a shaft and drop 2 floors!
  1561 | D:4      | Noticed an ogre
  1574 | D:4      | Killed an ogre
  1575 | D:4      | Reached XP level 4. HP: 14/35 MP: 2/8
  1575 | D:4      | Reached XP level 5. HP: 16/41 MP: 2/9
  1586 | D:4      | Noticed an ogre
  1679 | D:4      | Noticed a black bear
  1686 | D:4      | Killed a black bear
  2154 | D:2      | Found a faded altar of an unknown god.
  2295 | D:3      | Reached XP level 6. HP: 44/47 MP: 6/10
  2386 | D:3      | Reached skill level 5 in Fire Magic
  2654 | D:3      | Found an opulent altar of Gozag.
  2720 | D:3      | Noticed Robin
  2737 | D:3      | Killed Robin
  3037 | D:4      | Noticed voltaire321's ghost (amateur DrCj)
  3042 | D:4      | Found a transporter.
  3043 | D:4      | Identified the +5 great mace "Tekhlur" {freeze, Dex+4}
  3069 | D:4      | Noticed Sigmund
  3080 | D:4      | Killed Sigmund
  3081 | D:4      | Reached XP level 7. HP: 32/53 MP: 2/11
  3640 | D:5      | Entered Level 5 of the Dungeon
  3674 | D:5      | Reached skill level 4 in Fighting
  3860 | D:5      | Reached skill level 5 in Fighting
  3897 | D:5      | Reached skill level 1 in Dodging
  3946 | D:5      | Found a blossoming altar of Fedhas.
  4926 | D:6      | Reached XP level 8. HP: 58/62 MP: 5/12
  5074 | D:6      | Found a radiant altar of Vehumet.
  5111 | D:6      | Reached skill level 1 in Conjurations
  5176 | D:6      | Found a runed translucent door.
  5177 | D:6      | Noticed Crazy Yiuf
  5184 | D:6      | Killed Crazy Yiuf
  5185 | D:6      | Reached skill level 1 in Poison Magic
  5413 | D:6      | Found Komny's Distillery.
  5464 | D:6      | Noticed Dowan
  5600 | D:6      | Reached skill level 1 in Air Magic
  5842 | D:7      | Found a staircase to the Ecumenical Temple.
  5849 | Temple   | Entered the Ecumenical Temple
  6206 | D:7      | Noticed a hornet
  6216 | D:7      | Killed a hornet
  6419 | D:7      | Found an ancient bone altar of Kikubaaqudgha.
  6445 | D:7      | Found a broken altar of Ashenzari.
  6478 | D:7      | Learned a level 3 spell: Mephitic Cloud
  6496 | D:7      | Reached XP level 9. HP: 67/68 MP: 9/15
  6556 | D:7      | Found a shadowy altar of Dithmenos.
  7255 | D:8      | Noticed a troll
  7267 | D:8      | Killed a troll
  7268 | D:8      | Reached skill level 1 in Evocations
  7317 | D:8      | Found a hide-covered altar of Uskayaw.
  7394 | D:8      | Noticed Joseph
  7404 | D:8      | Killed Joseph
  7540 | D:8      | Noticed a komodo dragon
  7619 | D:8      | Reached skill level 5 in Spellcasting
  7724 | D:8      | Killed a komodo dragon
  7725 | D:8      | Reached skill level 6 in Fighting
  7759 | D:8      | Found a staircase to the Lair.
  7767 | D:8      | Noticed a komodo dragon
  7772 | D:8      | Killed a komodo dragon
  7773 | D:8      | Reached XP level 10. HP: 77/77 MP: 11/17
  7987 | D:8      | Reached skill level 7 in Fighting
  8199 | D:9      | Found a runed translucent door.
  8204 | D:9      | Noticed OTABOTABOTAB's ghost (journeyman GnHu)
  8637 | D:9      | Reached skill level 5 in Dodging
  8931 | D:9      | Found an ornate altar of the Wu Jian Council.
  9466 | D:10     | Entered Level 10 of the Dungeon
  9670 | D:10     | Noticed a two-headed ogre
  9764 | D:9      | Killed a two-headed ogre
 10127 | D:10     | Found a staircase to the Orcish Mines.
 10161 | D:10     | Reached skill level 8 in Fighting
 10604 | D:10     | Learned a level 4 spell: Olgreb's Toxic Radiance
 11054 | D:10     | Found a staircase to the Orcish Mines.
 11583 | D:11     | Reached XP level 11. HP: 86/86 MP: 5/21
 11587 | D:11     | Noticed Psyche
 11612 | D:11     | Killed Psyche
 11663 | D:10     | Reached skill level 5 in Poison Magic
 11902 | D:11     | Noticed a boulder beetle
 11908 | D:11     | Noticed a two-headed ogre
 11919 | D:11     | Killed a two-headed ogre
 11922 | D:11     | Killed a boulder beetle
 12289 | D:11     | Reached skill level 9 in Fighting
 12782 | D:4      | Found a transporter.
 12798 | D:4      | Killed voltaire321's ghost
 12909 | D:6      | Noticed Duvessa
 12918 | D:6      | Killed Duvessa
 12921 | D:6      | Killed Dowan
 13098 | Lair:1   | Entered Level 1 of the Lair of Beasts
 13193 | Lair:1   | Reached skill level 10 in Fighting
 13273 | Lair:1   | Found a blossoming altar of Fedhas.
 13291 | Lair:1   | Noticed an oklob plant
 13489 | Lair:1   | You fall into a shaft and drop 1 floor!
 13496 | Lair:2   | Found a runed translucent door.
 13497 | Lair:2   | Noticed garrulousMonolith's ghost (journeyman MiBe)
 13703 | Lair:2   | Found a staircase to the Shoals.
 13855 | Lair:1   | Reached skill level 1 in Translocations
 14119 | Lair:1   | Reached XP level 12. HP: 97/97 MP: 17/24
 14250 | Lair:1   | Reached skill level 5 in Conjurations
 15095 | Lair:2   | Learned a level 4 spell: Iskenderun's Mystic Blast
 15117 | Lair:3   | Found a transporter.
 15117 | Lair:3   | Found a transporter.
 15122 | Lair:3   | Found a bloodstained altar of Trog.
 15122 | Lair:3   | Noticed Pooter's ghost (journeyman MiFi)
 15846 | Lair:3   | Slain by a salamander

Illustrated notes

Levels and vault maps discovered:
D:1:      nicolae_arrival_somewhat_less_tricky_arrival, layout_loops_ring,
          serial_park_tiny_pond
D:2:      layout_loops_ring, dilly_ecumenical_altar_fadedgnrine,
          chequers_garden, minmay_misc_feat_x
D:3:      layout_loops_ring, lemuel_tele_altar, uniq_robin
D:4:      layout_loops_ring, gammafunk_ghost_smash, uniq_sigmund
D:5:      layout_basic, mainiacjoe_overflow_24_doors
D:6:      layout_loops_ring, lemuel_crystal_altar, serial_shops,
          nicolae_shop_advertising_works [nicolae_subvault_shop_adworks],
          uniq_duvessa, uniq_crazy_yiuf_cottage
D:7:      layout_basic, overflow_temple_1_default,
          nicolae_kikubaaqudgha_miasma_corner, nicolae_overflow_crystal_walls,
          minmay_temple_entry_nine_rooms, nicolae_elevator_lobby_plus
D:8:      layout_basic, nicolae_uskayaw_dance_hall, erik_lair_dragon,
          serial_glass, glass_columns_a, glass_columns_b, uniq_joseph
D:9:      layout_layer_cave, kennysheep_mini_moat, elyvilon_altar_5,
          ebering_ghost_reflecting_pool, chequers_serial_rivers_marsh,
          chequers_serial_rivers_small_3
D:10:     layout_basic, zombieorc2_lemuel
D:11:     layout_big_octagon, uniq_psyche
Temple:   oiseaux_autumnal_temple
Lair:1:   layout_chaotic_city, st_stairs_3, serial_bayou_pond_a, tgw_fedhas
Lair:2:   layout_chaotic_city, minmay_shoals_entry_centaurs,
          gammafunk_ghost_grave
Lair:3:   layout_gridlike, nicolae_snake_entry_warm_welcome,
          gammafunk_ghost_wrathful_warriors, infiniplex_staircase_pool_2,
          grunt_megastairs_3, serial_bayou_shore_b

Skill      XL: |  1  2  3  4  5  6  7  8  9 10 11 12 |
---------------+-------------------------------------+-----
Spellcasting   | 2 3 4 5 7 8 |  8.0
Stealth        | 1 2 |  2.0
Fire Magic     | 3 4 6 7 |  7.9
Fighting       | 5 6 8 10 | 10.0
Dodging        | 3 5 |  5.0
Conjurations   | 4 7 |  7.0
Poison Magic   | 2 4 6 |  6.0
Air Magic      | 2 4 |  4.0
Evocations     | 2 |  2.0
Throwing       | 2 |  2.0
Translocations | 2 3 |  3.0
Short Blades   | |  2.4

Action                     |  1- 3 |  4- 6 |  7- 9 | 10-12 || total
---------------------------+-------+-------+-------+-------++-------
  Melee: Short sword       |    66 |     8 |    29 |    28 ||   131
         Punch             |       |       |     1 |       ||     1
  Throw: Dart              |       |       |     3 |     2 ||     5
   Cast: Scorch            |    25 |    57 |   168 |   366 ||   616
         Mephitic Cloud    |       |       |     9 |    55 ||    64
         Olgreb's Toxic Ra |       |       |       |    34 ||    34
         Iskenderun's Myst |       |       |       |    19 ||    19
 Invoke: Fiery Armour      |     2 |     2 |     2 |     2 ||     8
  Evoke: Wand              |       |       |     6 |     6 ||    12
    Use: Scroll            |       |     2 |     6 |     8 ||    16
   Stab: Confused          |       |       |     1 |       ||     1
 Armour: Robe              |    17 |     7 |    17 |    34 ||    75
         Troll leather arm |       |       |       |    56 ||    56
  Dodge: Dodged            |    40 |    11 |    46 |   152 ||   249

Table legend: (Time is in decaauts)
 A = Elapsed time spent in this place.
 B = Non-inter-level travel time spent in this place.
 C = Inter-level travel time spent in this place.
 D = Time resting spent in this place.
 E = Time spent auto-exploring this place.
 F = Levels seen in this place.
 G = Mean time per level.
                   A        B        C        D        E       F      G
               +--------+--------+--------+--------+--------+-----+--------+
         Total |  15870 |  15148 |    722 |   1701 |  10473 |  15 | 1058.0 |
       Dungeon |  12819 |  12204 |    615 |   1343 |   8639 |  11 | 1165.4 |
        Temple |    299 |    266 |     33 |      0 |    251 |   1 |  299.0 |
          Lair |   2751 |   2678 |     73 |    358 |   1581 |   3 |  917.0 |
               +--------+--------+--------+--------+--------+-----+--------+

Top non-repeatable levels by time:
    D:10: 2298 daAuts
     D:9: 1590 daAuts
     D:7: 1195 daAuts
     D:2: 1190 daAuts
     D:5: 1178 daAuts
     D:8: 1150 daAuts
  Lair:1: 1141 daAuts
     D:6: 1043 daAuts
     D:4: 1041 daAuts
  Lair:2: 992 daAuts
     D:3: 748 daAuts
     D:1: 723 daAuts
    D:11: 659 daAuts
  Lair:3: 618 daAuts
  Temple: 299 daAuts
